AoeStats
← RogueAura950405

Runestones

507483666Analyzed
1v1 RM · 12d ago on Sep 18, 2026· 64m 41s· 2 players
Game mode
Random Map
Map size
Tiny (2 player)
Population
200
Speed
Normal
Resources
Standard
Victory
Conquest
Starting age
Dark Age
Ending age
Imperial Age
RankedLock teamsTeams togetherTeam positionsShared explorationLock speedFull tech treeHidden civsTurbo modeCheats
Victory
Defeat
🇨🇳 Huns · China
916
+31
🇬🇧 Vikings · United Kingdom
931
-17
446713874
10:27 Feudal Age
12:25 Loom
16:23 Castle Age
16:19 Double-Bit Axe
16:18 Horse Collar
16:47 Fletching
17:00 Padded Archer Armor
18:05 Gold Mining
22:27 Stone Mining
28:07 Husbandry
28:17 Bloodlines
29:44 Forging
34:15 Wheelbarrow
33:26 Town Watch
36:23 Imperial Age
33:41 Elite Skirmisher
34:25 Bodkin Arrow
34:47 Leather Archer Armor
35:58 Iron Casting
35:31 Scale Barding Armor
35:48 Heavy Plow
36:02 Bow Saw
36:51 Ballistics
36:58 Cavalier
38:58 Chemistry
39:37 Bracer
40:37 Blast Furnace
40:58 Conscription
42:02 Blast Furnace
41:23 Chain Barding Armor
44:03 Chemistry
45:35 Thumb Ring
44:58 Light Cavalry
46:46 Masonry
50:03 Plate Barding Armor
51:15 Scale Mail Armor
50:38 Hussar
54:00 Squires
53:46 Arson
53:21 Pikeman
54:45 Chain Mail Armor
54:30 Halberdier
64:09 Two-Man Saw
RogueAura950405
10:34 Feudal Age
8:53 Loom
10:38 Feudal Age
11:23 Man-at-Arms
11:57 Double-Bit Axe
12:05 Horse Collar
17:13 Fletching
17:33 Forging
20:56 Padded Archer Armor
23:28 Castle Age
21:25 Town Watch
24:05 Padded Archer Armor
25:35 Bodkin Arrow
26:27 Town Patrol
26:39 Pikeman
27:21 Squires
29:16 Scale Mail Armor
29:25 Heavy Plow
31:16 Chain Mail Armor
31:31 Leather Archer Armor
32:28 Elite Skirmisher
34:40 Bow Saw
35:36 Gold Mining
39:40 Imperial Age
39:51 Capped Ram
40:49 Siege Ram
42:13 Elite Berserk
43:14 Bracer
43:44 Ring Archer Armor
43:51 Iron Casting
43:49 Plate Mail Armor
44:17 Onager
50:20 Blast Furnace
49:52 Ring Archer Armor
49:28 Scale Barding Armor
48:52 Siege Ram
49:20 Light Cavalry
55:06 Chieftains
56:05 Crop Rotation
57:43 Hoardings
57:31 Conscription
60:07 Chemistry
64:15 Siege Engineers
64:41 Chain Barding Armor
65:01 Ballistics
64:37 Murder Holes
Connection lost

Rejoining the realm…

Still unreachable

The connection could not be restored.

Session expired

The server has moved on; the page needs a fresh start.